 Dungeon Crawl Stone Soup version 0.26-a0-712-ga5a9c9c9d0 (webtiles) character file.

Game seed: 2097303681529069516

39 Descartes the Sneak (level 3, -5/15 HPs)
             Began as a Felid Transmuter on Oct 31, 2020.
             Slain by an orc
             ... wielding a +0 hand axe
              (7 damage)
             ... on level 3 of the Dungeon.
             The game lasted 00:03:08 (2430 turns).

Descartes the Sneak (Felid Transmuter)              Turns: 2430, Time: 00:03:08

Health: -5/15      AC:  1    Str:  7    XL:     3   Next: 26%
Magic:  6/7        EV: 19    Int: 14    God:
Gold:   105        SH:  0    Dex: 16    Spells: 5/6 levels left
                                        Lives:  0   Deaths: 1

rFire    . . .     SeeInvis +     - Unarmed
rCold    . . .     Faith    .   (shield unavailable)
rNeg     . . .     Spirit   .   (armour unavailable)
rPois    .         Reflect  .   (helmet unavailable)
rElec    .         Harm     .   (cloak unavailable)
rCorr    .         Rampage  .   (gloves unavailable)
MR       .....     Rnd*Tele +   (boots unavailable)
Stlth    +++.......             (no amulet)
HPRegen  0.05/turn              a - ring of teleportation (curse)
MPRegen  0.10/turn              (no ring)

@: lethally poisoned (-5 -> -8), appendages (expiring), quick
A: very small, no armour, no weapons or thrown items, stealth, claws 1, fangs 3,
horns 2, see invisible, speed 1, shaggy fur 1, sharp paws
a: End Transformation


You were on level 3 of the Dungeon.
You had grown temporary horns.
You visited 1 branch of the dungeon, and saw 4 of its levels.

You collected 105 gold pieces.

Inventory:

Missiles
 f - 85 stones
Jewellery
 a - a cursed ring of teleportation (left paw)
 d - a +6 ring of strength {unknown}
Scrolls
 b - 2 scrolls of teleportation {unknown}
 c - a scroll of fog {unknown}
 e - 2 scrolls of remove curse {unknown}
 g - 4 scrolls of identify {unknown}
 h - a scroll of magic mapping {unknown}


   Skills:
 - Level 1.0 Fighting
 + Level 3.7 Dodging
 - Level 5.0 Stealth
 - Level 3.0 Unarmed Combat
 - Level 2.0 Spellcasting
 - Level 2.1 Transmutations


You had 5 spell levels left.
You knew the following spells:

 Your Spells              Type           Power        Failure   Level
a - Beastly Appendage     Tmut           #.....       10%         1

Your spell library contained the following spells:

 Spells                   Type           Power        Failure   Level
 Wereblood                Tmut           #.......     14%         2
 Spider Form              Tmut/Pois      #.........   41%         3
 Ice Form                 Ice/Tmut       #.......     83%         4
 Blade Hands              Tmut           #.........   95%         5


Dungeon Overview and Level Annotations

Branches:
Dungeon (4/15)
 Temple: D:4-7

Altars:


Innate Abilities, Weirdness & Mutations

You cannot wear armour.
You are incapable of wielding weapons or throwing items.
Your paws allow you to move quietly. (Stealth)
You have sharp claws.
You have razor-sharp teeth.
You have supernaturally acute eyesight. (SInv)
You cover ground quickly.
You are covered in fur. (AC +1)
Your sharp claws are effective at attacking unaware monsters.
You have a pair of horns on your head.


Message History

You scratch the leopard gecko.
The leopard gecko is lightly wounded.
You hear a shout! x2
A giant cockroach comes into view.
The leopard gecko barely misses you.
You scratch the leopard gecko. You bite the leopard gecko.
You kill the leopard gecko!
* * * LOW HITPOINT WARNING * * *
You feel sick.
The orc wizard gestures wildly while chanting.
The orc wizard blinks!
You see here a leopard gecko corpse.
The orc closely misses you.
The orc wizard mumbles some strange words.
The orc wizard blinks!
You closely miss the orc. Your headbutt misses the orc.
Your transformation is almost over.
You miss the adder. Your headbutt misses the adder. The goblin misses you.
The adder closely misses you. The orc hits you with a +0 hand axe!
You die...

#.# #.#
.#####.####
#######
..o.......#
#.......
........#
†g...... .>wo.
.S..##..
..######S#####.##
.......#
#......@o.......#
....####
########g########
....# #.# ..(..
#.# ....## ..#
....# ..# ####


You could see a worm, an orc wizard, an adder, an orc and a goblin.

Vanquished Creatures
  An adder (D:2)
  4 worms (D:2)
  4 dart slugs
  A leopard gecko (D:3)
  An orc (D:3)
  5 bats
  4 giant cockroaches
  4 goblins
  A hobgoblin (D:1)
  11 jackals
  3 ball pythons (D:1)
  2 frilled lizards (D:1)
  2 kobolds
  6 rats
49 creatures vanquished.

Notes
Turn   | Place    | Note
-------+----------+-------------------------------------------
     0 | D:1      | Descartes the Felid Transmuter began the quest for the Orb.
     0 | D:1      | Reached XP level 1. HP: 9/9 MP: 4/4
    38 | D:1      | Reached skill level 1 in Stealth
   206 | D:1      | Reached skill level 2 in Stealth
   225 | D:1      | Reached XP level 2. HP: 12/12 MP: 4/6
   296 | D:1      | Reached skill level 3 in Stealth
   701 | D:1      | Reached skill level 4 in Stealth
   760 | D:1      | Reached XP level 3. HP: 15/15 MP: 5/7
  1677 | D:2      | Reached skill level 5 in Stealth
  2043 | D:2      | Reached XP level 4. HP: 19/19 MP: 6/8
  2390 | D:2      | You fall into a shaft and drop 2 floors!
  2402 | D:3      | Slain by an adder
  2403 | D:3      | Reached XP level 3. HP: -1/15 MP: 7/7
  2430 | D:3      | Slain by an orc

Illustrated notes

Levels and vault maps discovered:
D:1:      minmay_arrival_loop, layout_basic, minmay_misc_feat_square,
          minivault_14
D:2:      layout_basic
D:3:      minmay_bubble_buster, layout_rooms, st_stairs_11, serial_bayou_lake_a
D:4:      corexii_shack_village, layout_loops_ring, minmay_misc_feat_iff,
          uniq_natasha

Skill      XL: |  1  2  3 |
---------------+----------+-----
Stealth        | 2 4 5 |  5.0
Dodging        | 3 |  3.7
Fighting       | |  1.0
Unarmed Combat | |  3.0
Spellcasting   | |  2.0
Transmutations | |  2.1

Action                   |  1- 3 |  4- 6 || total
-------------------------+-------+-------++-------
Melee: Unarmed           |   122 |    20 ||   142
       Headbutt          |    20 |     2 ||    22
       Bite              |    11 |     1 ||    12
       Punch             |     1 |     1 ||     2
 Cast: Beastly Appendage |    29 |     3 ||    32
 Stab: Sleeping          |     8 |     2 ||    10
Armor: Skin              |     5 |     1 ||     6
Dodge: Dodged            |    98 |    28 ||   126

Table legend: (Time is in decaauts)
 A = Elapsed time spent in this place.
 B = Non-inter-level travel time spent in this place.
 C = Inter-level travel time spent in this place.
 D = Time resting spent in this place.
 E = Time spent auto-exploring this place.
 F = Levels seen in this place.
 G = Mean time per level.
                   A        B        C        D        E       F      G
               +--------+--------+--------+--------+--------+-----+--------+
         Total |   2172 |   2131 |     41 |      0 |   1843 |   4 |  543.0 |
       Dungeon |   2172 |   2131 |     41 |      0 |   1843 |   4 |  543.0 |
               +--------+--------+--------+--------+--------+-----+--------+

Top non-repeatable levels by time:
     D:1: 1181 daAuts
     D:2: 953 daAuts
     D:3: 34 daAuts
     D:4: 2 daAuts
